 Dungeon Crawl Stone Soup version 0.29-a0-870-g2c972031a6 (webtiles) character file.

Game seed: 2465934632903487850

21 Sabo the Chopper (level 2, 23/23 HPs)
             Began as a Demonspawn Gladiator on July 17, 2022.
             Was a Follower of Kikubaaqudgha.
             Got out of the dungeon alive.
             The game lasted 00:02:52 (824 turns).

Sabo the Chopper (Demonspawn Gladiator)              Turns: 824, Time: 00:02:52

Health: 23/23      AC:  4    Str: 14    XL:     2   Next: 62%
Magic:  2/2        EV: 12    Int:  9    God:    Kikubaaqudgha [*.....]
Gold:   24         SH:  0    Dex: 14    Spells: 1/1 levels left

rFire   . . .      SeeInvis .   a - +0 war axe
rCold   . . .      Faith    .   (no shield)
rNeg    . . .      Spirit   .   b - +0 leather armour
rPois   .          Reflect  .   c - +0 helmet
rElec   .          Harm     .   (no cloak)
rCorr   .          Rampage  .   (no gloves)
Will    .....                   (no boots)
Stlth   +.........              (no amulet)
HPRegen 0.07/turn               (no ring)
MPRegen 0.08/turn               (no ring)

@: no status effects
A: spiny 1
a: Renounce Religion, Unearth Wretches


You escaped.
You worshipped Kikubaaqudgha.
Kikubaaqudgha was aware of your devotion.
You visited 1 branch of the dungeon, and saw 1 of its levels.

You collected 24 gold pieces.

Inventory:

Hand Weapons
 a - a +0 war axe (weapon)
 g - a +0 sling of flaming
Missiles
 d - 3 throwing nets (quivered)
 e - a javelin
 h - 5 curare-tipped darts
Armour
 b - a +0 leather armour (worn)
 c - a +0 helmet (worn)
Scrolls
 f - a scroll of teleportation {unknown}
 j - a scroll of enchant weapon {unknown}
Potions
 i - a potion of curing {unknown}


   Skills:
 + Level 2.4 Fighting
 + Level 3.1 Axes
 + Level 1.7 Throwing
 + Level 0.5 Armour
 + Level 2.7 Dodging
 + Level 0.2 Stealth


You had one spell level left.
You didn't know any spells.
Your spell library contained the following spells:

 Spells                   Type           Power      Damage    Failure   Level
 Necrotise                Necr           0%         1d4       45%         1
 Sublimation of Blood     Necr           0%         N/A       61%         2
 Vampiric Draining        Necr           0%         2d6       83%         3
 Anguish                  Hex/Necr       0%         N/A       99%         4
 Animate Dead             Necr           0%         N/A       99%         4
 Agony                    Necr           0%         N/A       100%        5


Dungeon Overview and Level Annotations

Branches:
Dungeon (1/15)

Altars:
Kikubaaqudgha


Innate Abilities, Weirdness & Mutations

You are partially covered in sharp spines.


Message History

You kill the bat!
You pick your way through the web.
There is a web here.
You pick your way through the web.
There is a web here.
You are caught in the web!
Found a faded altar of an unknown god.
There is a web here.
You disentangle yourself.
There is a faded altar of an unknown god here.
You cannot tell which god this altar belongs to.
Convert to them anyway?
Kikubaaqudgha accepts your prayer! Kikubaaqudgha welcomes you!
You can now bring forth the wretched and dying.
Kikubaaqudgha grants you a gift!
You add the spells Sublimation of Blood, Anguish and Animate Dead to your library.
You are caught in the web!
There is a web here.
You disentangle yourself.
You pick your way through the web.
There is a web here.
You are caught in the web!
There is a web here.
You struggle to detach yourself from the web.
You struggle to detach yourself from the web.
You struggle to detach yourself from the web.
You disentangle yourself.
You see here a +0 leather armour.
Things that are here:
a jackal corpse; a jackal corpse An endoplasm comes into view.
The endoplasm quivers.
The endoplasm freezes you.
You are frozen.
You slash the endoplasm!
You kill the endoplasm!
Kikubaaqudgha accepts your kill.
There is a staircase leading out of the dungeon here.
You can't go down here!
Are you sure you want to leave the Dungeon?
This will make you lose the game!
You have escaped!

#.♣.......♣...##.......#
#.♣.......♣##.....###..##
#....♣.♣..♣ ###.>.# ##..#
#.....⌠...♣ #...#####.#
#....♣.♣..♣ #......##.#
##♣......♣♣ #.#.##.##.#
♣......#♣ #.#.##.##.##
♣♣......♣ #.#.##.##...
♣♣..♣.@♣ #...##..####
♣♣♣#♣♣#####..####.# #
#........##.......# #
#.................####
#........####.........
#........# #....#####
#........# #....#####
#........# #........#
#......>.# #....###.#


There were no monsters in sight!

Vanquished Creatures
  A ball python (D:1)
  4 endoplasms (D:1)
  A giant cockroach (D:1)
  2 hobgoblins (D:1)
  4 jackals (D:1)
  A kobold (D:1)
  2 bats (D:1)
  A rat (D:1)
16 creatures vanquished.

Notes
Turn   | Place    | Note
-------+----------+-------------------------------------------
     0 | D:1      | Sabo the Demonspawn Gladiator began the quest for the Orb.
     0 | D:1      | Reached XP level 1. HP: 16/16 MP: 1/1
   343 | D:1      | Reached skill level 3 in Axes
   343 | D:1      | Gained mutation: You are partially covered in sharp spines.
                  | [demonic ancestry]
   343 | D:1      | Reached XP level 2. HP: 14/22 MP: 2/2
   677 | D:1      | Found a faded altar of an unknown god.
   684 | D:1      | Prayed at the altar of an unknown god.
   684 | D:1      | Became a worshipper of Kikubaaqudgha
   684 | D:1      | Reached * piety under Kikubaaqudgha
   684 | D:1      | Received a gift from Kikubaaqudgha
   824 | D:$      | Got out of the dungeon alive.

Illustrated notes

Levels and vault maps discovered:
D:1:      amcnicky_arrival_underground_garden, layout_rooms,
          shapermc_ecumenical_altar_petra, minmay_misc_feat_secret_circle,
          nicolae_shop_vocational

Skill      XL: |  1 |
---------------+----+-----
Axes           | 3 |  3.1
Fighting       | |  2.4
Throwing       | |  1.7
Armour         | |  0.5
Dodging        | |  2.7
Stealth        | |  0.2

Action                   || total
-------------------------++-------
Melee: War axe           ||    29
       Punch             ||     1
Armor: Leather armour    ||    15
Dodge: Dodged            ||    18

Table legend: (Time is in decaauts)
 A = Elapsed time spent in this place.
 B = Non-inter-level travel time spent in this place.
 C = Inter-level travel time spent in this place.
 D = Time resting spent in this place.
 E = Time spent auto-exploring this place.
 F = Levels seen in this place.
 G = Mean time per level.
                   A        B        C        D        E       F      G
               +--------+--------+--------+--------+--------+-----+--------+
         Total |    834 |    834 |      0 |    311 |      0 |   1 |  834.0 |
       Dungeon |    834 |    834 |      0 |    311 |      0 |   1 |  834.0 |
               +--------+--------+--------+--------+--------+-----+--------+

Top non-repeatable levels by time:
     D:1: 834 daAuts
